 Dungeon Crawl Stone Soup version 0.31-a0-152-g6aa68a64a1 (webtiles) character file.

Game seed: 11822691370189614541

21814 qw the Skirmisher (level 12, -1/114 HPs)
             Began as a Naga Hunter on June 10, 2023.
             Was an Elder of Okawaru.
             Slain by Fannar
             ... wielding a staff of cold
              (7 damage)
             ... on level 2 of the Lair of Beasts.
             The game lasted 00:05:50 (12743 turns).

qw the Skirmisher (Naga Hunter)                    Turns: 12743, Time: 00:05:50

Health: -1/114     AC: 21    Str: 13    XL:     12   Next: 93%
Magic:  18/19      EV: 13    Int: 12    God:    Okawaru [****..]
Gold:   555        SH:  0    Dex: 18    Spells: 11/11 levels left

rFire   + + +        Y - +0 arbalest
rCold   . . .        (shield currently unavailable)
rNeg    . . .        k - +0 troll leather armour
rPois   +            b - +2 helmet
rElec   .            i - +1 cloak
rCorr   .            j - +0 pair of gloves
SInv    +            c - +1 barding {rF+}
Will    +....        p - amulet of faith
Stlth   +++          e - ring of protection from fire
HPRegen 1.19/turn    o - ring of protection from fire
MPRegen 0.16/turn

%: faith
@: heroic, very slow
A: AC +4, large, see invisible, deformed body, poison resistance, slowness 2,
spit poison 1, naga tail 1
a: Spit Poison, Renounce Religion, Heroism, Finesse


You were on level 2 of the Lair of Beasts.
You worshipped Okawaru.
Okawaru was greatly pleased with you.
You visited 2 branches of the dungeon, and saw 12 of its levels.

You collected 907 gold pieces.
You spent 352 gold pieces at shops.


Innate Abilities, Weirdness & Mutations

Your serpentine skin is tough. (AC +4)
You have supernaturally acute eyesight. (SInv)
Armour fits poorly on your strangely shaped body.
Your system is resistant to poisons. (rPois)
You cover ground very slowly.
You can spit poison.
You have a snake-like lower body.


   Skills:
 + Level 9.3(14.3) Fighting
 - Level 14.0(19.0) Ranged Weapons
 - Level 5.0(10.0) Armour
 - Level 5.0(10.0) Dodging
 - Level 1.5(6.5) Stealth
 - Level 10.0 Invocations


You had 11 spell levels left.
You didn't know any spells.
Your spell library was empty.

Inventory:

Hand Weapons
 Y - a +0 arbalest (weapon)
Armour
 b - a +2 helmet (worn)
 c - a +1 barding of fire resistance (worn)
 d - a scarf of invisibility
 i - a +1 cloak (worn)
 j - a +0 pair of gloves (worn)
 k - a +0 troll leather armour (worn)
 l - a +0 robe of resistance
Jewellery
 e - a ring of protection from fire (left hand)
 f - an amulet of the acrobat
 o - a ring of protection from fire (right hand)
 p - an amulet of faith (around neck)
Scrolls
 g - a scroll of identify
Potions
 a - a potion of mutation
 h - 2 potions of might
 m - 2 potions of magic
 n - 5 potions of curing

Dungeon Overview and Level Annotations

Branches:
Dungeon (10/15)            Temple (0/1) D:6            Lair (2/5) D:10
  Swamp (0/4) Lair:2          Orc (0/2) D:9
  Snake: Lair:2-3    Spider: Lair:2-3

Altars:
Elyvilon
Fedhas
Nemelex Xobeh
Okawaru
Qazlal
Xom
Yredelemnul
Zin
The Shining One
Lugonu

Shops:
D:4 [?[[   D:7 !

Annotations:
D:8 2 transporters
Lair:2 Fannar


Message History

The ice beast closely misses you.
You shoot a bolt. The bolt hits Fannar!
Fannar is moderately wounded.
The ice beast hits you. The ice beast freezes you!
Fannar hits you but does no damage. Fannar freezes you.
The ice beast hits you but does no damage. x2
You shoot a bolt. The bolt closely misses Fannar.
A nearby plant withers and dies.
The ice beast closely misses you.
Fannar mumbles some strange words.
Fannar drains the heat from the surrounding environment!
The ice beast hits you. The ice beast freezes you!
The ice beast hits you but does no damage.
You shoot a bolt. The bolt closely misses Fannar.
A nearby fungus withers and dies.
The ice beast hits you but does no damage.
Fannar hits you with a staff of cold. Fannar freezes you!
The ice beast barely misses you.
The ice beast hits you but does no damage.
You shoot a bolt. The bolt hits Fannar!!
Fannar is severely wounded.
The ice beast misses you. Fannar hits you but does no damage.
Fannar freezes you.
The ice beast hits you but does no damage.
The ice beast barely misses you.
You shoot a bolt. The bolt hits Fannar!
Fannar is severely wounded.
The ice beast hits you but does no damage.
Fannar mumbles some strange words.
Fannar drains the heat from the surrounding environment!
The ice beast misses you.
The ice beast hits you but does no damage.
You shoot a bolt. The bolt barely misses Fannar.
The ice beast misses you. Fannar hits you with a staff of cold.
Fannar freezes you!
The ice beast hits you but does no damage.
The ice beast barely misses you.
You shoot a bolt. The bolt closely misses Fannar.
The ice beast barely misses you. Fannar hits you but does no damage.
Fannar freezes you!
You die...

...# ....
#. ...##
##.. #...#
#...# #...
##...##..#
#.....YYe##
#......@Y.#
#
##..###..##
#
...##....#
#
#....#..##
#..##....#
#. ##....#
...#.#..##
#.......#
#.......###
#


You could see Fannar and 3 ice beasts.

Vanquished Creatures
  A hydra (Lair:2)
  4 two-headed ogres
  A death knight (D:9)
  Amaemon (Lair:1)
  5 elephants
  A black mamba (Lair:1)
  An orange demon (Lair:1)
  An unseen horror (D:7)
  7 cane toads
  2 komodo dragons
  4 rime drakes
  A polar bear (Lair:1)
  Grinder (D:5)
  2 trolls (D:10)
  Sigmund (D:4)
  A wraith (D:9)
  3 wyverns
  3 steam dragons
  22 yaks
  4 fire bats (D:8)
  A basilisk (Lair:1)
  Menkaure (D:6)
  A vampire mosquito (D:7)
  12 water moccasins
  A hell hound (D:8)
  A sky beast (D:7)
  3 orc warriors
  4 ice beasts (D:7)
  2 black bears
  2 ogres (D:4)
  3 centaurs
  3 wolves (Lair:2)
  4 kobold brigands
  3 phantoms
  Blork the orc (D:5)
  A gnoll sergeant (D:10)
  3 bullfrogs
  2 scorpions (D:7)
  6 wights
  A killer bee (D:7)
  3 howler monkeys (D:8)
  2 lava snakes (D:8)
  2 jellies (D:7)
  2 hounds
  8 orc priests
  A gnoll bouda (D:6)
  4 sleepcaps
  2 iguanas
  13 orc wizards
  11 gnolls
  7 adders
  2 shadow imps (D:7)
  2 white imps (D:7)
  An ufetubus (D:6)
  2 worms
  A dart slug (D:4)
  60 orcs
  7 ball pythons
  5 bats
  7 endoplasms
  2 giant cockroaches
  14 goblins
  7 hobgoblins
  5 jackals
  9 kobolds
  5 quokkas
  2 frilled lizards (D:1)
  6 rats
  3 fire vortices (D:8)
316 creatures vanquished.

Notes
Turn   | Place    | Note
-------+----------+-------------------------------------------
     0 | D:1      | qw the Naga Hunter began the quest for the Orb.
     0 | D:1      | Reached XP level 1. HP: 19/19 MP: 1/1
     0 | D:1      | 0 ||| qw: Version: 0.2-a-29-g8b02136
     0 | D:1      | 0 ||| qw: Game counter: 3818
     0 | D:1      | 0 ||| qw: Always use a shield: true
     0 | D:1      | 0 ||| qw: God list: Okawaru
     0 | D:1      | 0 ||| qw: Allow faded altars: false
     0 | D:1      | 0 ||| qw: Do Orc after D:15 true
     0 | D:1      | 0 ||| qw: Do second Lair branch before Depths: true
     0 | D:1      | 0 ||| qw: Lair rune preference: random
     0 | D:1      | 0 ||| qw: Plans: Normal
     0 | D:1      | 0 ||| PLANNING D:1-11
     8 | D:1      | 8 ||| INVOKING Spit Poison.
    11 | D:1      | 11 ||| INVOKING Spit Poison.
    37 | D:1      | 37 ||| INVOKING Spit Poison.
    39 | D:1      | Reached skill level 4 in Ranged Weapons
    39 | D:1      | Reached XP level 2. HP: 26/26 MP: 2/2
    42 | D:1      | 42 ||| INVOKING Spit Poison.
    60 | D:1      | 60 ||| INVOKING Spit Poison.
    62 | D:1      | Found a faded altar of an unknown god.
   144 | D:1      | 144 ||| INVOKING Spit Poison.
   158 | D:1      | 158 ||| INVOKING Spit Poison.
   184 | D:1      | 184 ||| INVOKING Spit Poison.
   344 | D:1      | 344 ||| UPGRADING to ring of protection from fire.
   346 | D:1      | 346 ||| INVOKING Spit Poison.
   405 | D:1      | 405 ||| INVOKING Spit Poison.
   406 | D:1      | 406 ||| INVOKING Spit Poison.
   443 | D:1      | 443 ||| INVOKING Spit Poison.
   458 | D:1      | 458 ||| INVOKING Spit Poison.
   533 | D:1      | 533 ||| INVOKING Spit Poison.
   537 | D:1      | Reached XP level 3. HP: 30/32 MP: 3/3
   538 | D:1      | 538 ||| INVOKING Spit Poison.
   793 | D:1      | 793 ||| READING scroll labelled NIAMAKHLEOC.
   802 | D:1      | 802 ||| READING 3 scrolls labelled YSMUAH DUCSUG.
   803 | D:1      | 803 ||| READING scroll labelled KOVINUROHU.
   804 | D:1      | 804 ||| READING scroll labelled OWURUL RUASTO.
   905 | D:1      | 905 ||| READING scroll labelled ESEGOCAXUL.
   907 | D:1      | 907 ||| DRINKING 2 coppery potions.
  1044 | D:1      | 1044 ||| DRINKING 2 puce potions.
  1045 | D:1      | 1045 ||| READING 2 scrolls of identify.
  1045 | D:1      | 1045 ||| IDENTIFYING gluggy blue potion
  1046 | D:1      | 1046 ||| DROPPING scroll of butterflies.
  1047 | D:1      | 1047 ||| DROPPING potion of berserk rage.
  1048 | D:1      | 1048 ||| DROPPING potion of attraction.
  1071 | D:2      | 1071 ||| INVOKING Spit Poison.
  1075 | D:2      | 1075 ||| INVOKING Spit Poison.
  1125 | D:2      | 1125 ||| INVOKING Spit Poison.
  1140 | D:2      | 1140 ||| INVOKING Spit Poison.
  1175 | D:2      | 1175 ||| INVOKING Spit Poison.
  1181 | D:2      | 1181 ||| INVOKING Spit Poison.
  1190 | D:2      | 1190 ||| INVOKING Spit Poison.
  1195 | D:2      | 1195 ||| INVOKING Spit Poison.
  1247 | D:2      | You fall into a shaft and drop 1 floor!
  1261 | D:3      | 1261 ||| INVOKING Spit Poison.
  1267 | D:3      | 1267 ||| INVOKING Spit Poison.
  1270 | D:3      | Reached skill level 5 in Ranged Weapons
  1270 | D:3      | Reached XP level 4. HP: 23/39 MP: 4/4
  1272 | D:3      | 1272 ||| INVOKING Spit Poison.
  1277 | D:3      | 1277 ||| INVOKING Spit Poison.
  1408 | D:3      | 1408 ||| INVOKING Spit Poison.
  1419 | D:3      | Found an iron altar of Okawaru.
  1420 | D:3      | 1420 ||| PLANNING OKAWARU WORSHIP
  1421 | D:3      | 1421 ||| UPGRADING to +2 helmet.
  1426 | D:3      | 1426 ||| INVOKING Spit Poison.
  1427 | D:3      | 1427 ||| READING scroll labelled QAQAWN BEOSOF.
  1431 | D:3      | 1431 ||| DRINKING 2 white potions.
  1446 | D:3      | Became a worshipper of Warmaster Okawaru
  1446 | D:3      | 1446 ||| PLANNING D:1-11
  1503 | D:3      | 1503 ||| INVOKING Spit Poison.
  1592 | D:3      | 1592 ||| READING scroll labelled PEVVIPHIOK.
  1593 | D:3      | 1593 ||| READING scroll labelled YFARCH BADOAC.
  1594 | D:3      | 1594 ||| READING 2 scrolls of identify.
  1594 | D:3      | 1594 ||| IDENTIFYING lumpy coppery potion
  1595 | D:3      | 1595 ||| DROPPING potion of lignification.
  1603 | D:2      | 1603 ||| INVOKING Spit Poison.
  1639 | D:2      | 1639 ||| INVOKING Spit Poison.
  1653 | D:2      | 1653 ||| INVOKING Spit Poison.
  1697 | D:2      | 1697 ||| INVOKING Spit Poison.
  1781 | D:2      | 1781 ||| INVOKING Spit Poison.
  1782 | D:2      | 1782 ||| INVOKING Spit Poison.
  1907 | D:2      | 1907 ||| INVOKING Spit Poison.
  1967 | D:2      | 1967 ||| INVOKING Spit Poison.
  2033 | D:2      | 2033 ||| UPGRADING to amulet of the acrobat.
  2038 | D:2      | 2038 ||| READING scroll labelled PEOBLA DIMIS.
  2064 | D:3      | 2064 ||| INVOKING Spit Poison.
  2086 | D:3      | 2086 ||| READING scroll of enchant weapon.
  2086 | D:3      | 2086 ||| ENCHANTING +1 shortbow.
  2092 | D:3      | 2092 ||| INVOKING Spit Poison.
  2102 | D:3      | 2102 ||| INVOKING Spit Poison.
  2107 | D:3      | 2107 ||| INVOKING Spit Poison.
  2126 | D:3      | 2126 ||| INVOKING Spit Poison.
  2138 | D:3      | 2138 ||| INVOKING Spit Poison.
  2174 | D:3      | Found a sparkling altar of Nemelex Xobeh.
  2209 | D:3      | 2209 ||| INVOKING Spit Poison.
  2214 | D:3      | 2214 ||| INVOKING Spit Poison.
  2218 | D:3      | Reached skill level 3 in Fighting
  2218 | D:3      | Reached XP level 5. HP: 32/49 MP: 5/5
  2281 | D:3      | 2281 ||| INVOKING Spit Poison.
  2287 | D:3      | 2287 ||| INVOKING Spit Poison.
  2373 | D:3      | 2373 ||| INVOKING Spit Poison.
  2376 | D:3      | 2376 ||| INVOKING Spit Poison.
  2489 | D:3      | 2489 ||| INVOKING Spit Poison.
  2502 | D:3      | 2502 ||| INVOKING Spit Poison.
  2620 | D:4      | 2620 ||| INVOKING Spit Poison.
  2623 | D:4      | 2623 ||| INVOKING Spit Poison.
  2625 | D:4      | Noticed an ogre
  2627 | D:4      | 2627 ||| INVOKING Spit Poison.
  2630 | D:4      | 2630 ||| INVOKING Spit Poison.
  2636 | D:4      | 2636 ||| INVOKING Spit Poison.
  2640 | D:4      | Killed an ogre
  2640 | D:4      | Reached * piety under Okawaru
  2641 | D:4      | Reached skill level 6 in Ranged Weapons
  2641 | D:4      | Reached XP level 6. HP: 20/56 MP: 6/6
  2641 | D:4      | 2641 ||| INVOKING Heroism.
  2642 | D:4      | 2642 ||| INVOKING Spit Poison.
  2787 | D:4      | Found Ecsolod's Antique Armour Shop.
  2792 | D:4      | 2792 ||| BUYING cloak (112 gold).
  2792 | D:4      | Bought a cloak for 112 gold pieces
  2792 | D:4      | 2792 ||| SHOPLISTING glowing leather armour (125 gold, have
                  | 60).
  2800 | D:4      | 2800 ||| INVOKING Spit Poison.
  2803 | D:4      | 2803 ||| INVOKING Spit Poison.
  2894 | D:4      | 2894 ||| INVOKING Spit Poison.
  2922 | D:4      | 2922 ||| INVOKING Spit Poison.
  2923 | D:4      | Found Girchalaf's Armour Emporium.
  2954 | D:4      | Noticed Sigmund
  2955 | D:4      | 2955 ||| INVOKING Heroism.
  2956 | D:4      | 2956 ||| INVOKING Spit Poison.
  2959 | D:4      | Killed Sigmund
  2960 | D:4      | Reached XP level 7. HP: 55/64 MP: 4/7
  2998 | D:4      | 2998 ||| INVOKING Spit Poison.
  3001 | D:4      | 3001 ||| INVOKING Spit Poison.
  3071 | D:4      | Found Goirao's Armour Shop.
  3140 | D:4      | 3140 ||| INVOKING Heroism.
  3145 | D:4      | 3145 ||| INVOKING Spit Poison.
  3149 | D:4      | 3149 ||| INVOKING Spit Poison.
  3150 | D:4      | Reached skill level 7 in Ranged Weapons
  3319 | D:4      | 3319 ||| INVOKING Spit Poison.
  3362 | D:4      | Found a white marble altar of Elyvilon.
  3404 | D:4      | Found Zytusmul's Magic Scroll Shoppe.
  3407 | D:4      | 3407 ||| BUYING scroll of identify (28 gold).
  3407 | D:4      | Bought a scroll of identify for 28 gold pieces
  3407 | D:4      | 3407 ||| BUYING scroll of identify (28 gold).
  3407 | D:4      | Bought a scroll of identify for 28 gold pieces
  3407 | D:4      | 3407 ||| BUYING scroll of identify (28 gold).
  3407 | D:4      | Bought a scroll of identify for 28 gold pieces
  3407 | D:4      | 3407 ||| SHOPLISTING scroll of identify (28 gold, have 0).
  3407 | D:4      | 3407 ||| SHOPLISTING scroll of teleportation (42 gold, have
                  | 0).
  3584 | D:4      | 3584 ||| UPGRADING to +0 cloak.
  3589 | D:4      | 3589 ||| READING scroll of enchant armour.
  3589 | D:4      | 3589 ||| ENCHANTING +0 cloak.
  3590 | D:4      | 3590 ||| READING 4 scrolls of identify.
  3590 | D:4      | 3590 ||| IDENTIFYING emerald potion
  3591 | D:4      | 3591 ||| READING 3 scrolls of identify.
  3591 | D:4      | 3591 ||| IDENTIFYING fizzy brown potion
  3592 | D:4      | 3592 ||| READING 2 scrolls of identify.
  3592 | D:4      | 3592 ||| IDENTIFYING green potion
  3593 | D:4      | 3593 ||| DROPPING potion of ambrosia.
  3594 | D:4      | 3594 ||| DROPPING potion of enlightenment.
  3614 | D:5      | Entered Level 5 of the Dungeon
  3618 | D:5      | Noticed Blork the orc
  3619 | D:5      | 3619 ||| INVOKING Heroism.
  3623 | D:5      | 3623 ||| INVOKING Spit Poison.
  3628 | D:5      | Killed Blork the orc
  3652 | D:5      | 3652 ||| INVOKING Spit Poison.
  3671 | D:5      | 3671 ||| INVOKING Heroism.
  3672 | D:5      | 3672 ||| INVOKING Heroism.
  3674 | D:5      | Reached skill level 1 in Armour
  3674 | D:5      | 3674 ||| INVOKING Spit Poison.
  3783 | D:5      | Found a blossoming altar of Fedhas.
  3842 | D:5      | Reached skill level 1 in Invocations
  3842 | D:5      | Reached XP level 8. HP: 59/72 MP: 7/9
  3913 | D:5      | 3913 ||| INVOKING Spit Poison.
  3982 | D:5      | Identified the +7 mace of Integrity {flame, rPois rCorr
                  | Str-4 Dex+5}
  4025 | D:5      | Noticed Grinder
  4026 | D:5      | 4026 ||| INVOKING Heroism.
  4043 | D:5      | 4043 ||| INVOKING Heroism.
  4044 | D:5      | Killed Grinder
  4045 | D:5      | Reached skill level 3 in Invocations
  4082 | D:5      | 4082 ||| INVOKING Spit Poison.
  4238 | D:5      | Reached skill level 8 in Ranged Weapons
  4259 | D:5      | 4259 ||| READING scroll labelled DEAQIU WUANEU.
  4260 | D:5      | 4260 ||| READING scroll labelled PECOZX NOENTURR.
  4264 | D:6      | 4264 ||| INVOKING Spit Poison.
  4269 | D:6      | 4269 ||| STAIRDANCE
  4271 | D:5      | 4271 ||| INVOKING Spit Poison.
  4278 | D:5      | 4278 ||| INVOKING Spit Poison.
  4318 | D:6      | 4318 ||| INVOKING Spit Poison.
  4325 | D:6      | 4325 ||| STAIRDANCE
  4327 | D:5      | 4327 ||| INVOKING Heroism.
  4328 | D:5      | 4328 ||| INVOKING Spit Poison.
  4417 | D:6      | 4417 ||| INVOKING Spit Poison.
  4436 | D:6      | 4436 ||| INVOKING Spit Poison.
  4437 | D:6      | 4437 ||| INVOKING Heroism.
  4444 | D:6      | 4444 ||| INVOKING Spit Poison.
  4471 | D:6      | Noticed Menkaure
  4472 | D:6      | 4472 ||| INVOKING Heroism.
  4478 | D:6      | 4478 ||| INVOKING Spit Poison.
  4484 | D:6      | Killed Menkaure
  4629 | D:6      | 4629 ||| INVOKING Spit Poison.
  4722 | D:6      | Found a staircase to the Ecumenical Temple.
  4872 | D:6      | 4872 ||| Stepping ~*~*~tactically~*~*~ (outnumbered).
  4873 | D:6      | 4873 ||| INVOKING Spit Poison.
  4876 | D:6      | 4876 ||| Stepping ~*~*~tactically~*~*~ (outnumbered).
  4879 | D:6      | 4879 ||| INVOKING Spit Poison.
  4882 | D:6      | 4882 ||| INVOKING Spit Poison.
  4964 | D:6      | 4964 ||| INVOKING Heroism.
  4967 | D:6      | 4967 ||| INVOKING Spit Poison.
  4970 | D:6      | 4970 ||| Stepping ~*~*~tactically~*~*~ (outnumbered).
  4971 | D:6      | 4971 ||| INVOKING Spit Poison.
  4979 | D:6      | 4979 ||| INVOKING Spit Poison.
  4984 | D:6      | 4984 ||| INVOKING Spit Poison.
  4985 | D:6      | Reached XP level 9. HP: 81/81 MP: 12/12
  5054 | D:6      | Reached skill level 9 in Ranged Weapons
  5250 | D:6      | 5250 ||| UPGRADING to +0 pair of gloves.
  5386 | D:7      | 5386 ||| INVOKING Heroism.
  5392 | D:7      | Reached skill level 3 in Dodging
  5638 | D:7      | 5638 ||| INVOKING Spit Poison.
  5743 | D:7      | Found Cos Capt's Distillery.
  5743 | D:7      | Noticed an unseen horror
  5748 | D:7      | 5748 ||| SHOPLISTING 2 potions of mutation (192 gold, have
                  | 169).
  5748 | D:7      | 5748 ||| BUYING potion of curing (36 gold).
  5748 | D:7      | Bought a potion of curing for 36 gold pieces
  5748 | D:7      | 5748 ||| BUYING potion of heal wounds (60 gold).
  5748 | D:7      | Bought a potion of heal wounds for 60 gold pieces
  5748 | D:7      | 5748 ||| BUYING potion of heal wounds (60 gold).
  5748 | D:7      | Bought a potion of heal wounds for 60 gold pieces
  5882 | D:7      | 5882 ||| Stepping ~*~*~tactically~*~*~ (outnumbered).
  5953 | D:7      | 5953 ||| INVOKING Spit Poison.
  5956 | D:7      | 5956 ||| INVOKING Spit Poison.
  6036 | D:7      | Reached skill level 6 in Fighting
  6062 | D:7      | 6062 ||| INVOKING Heroism.
  6063 | D:7      | 6063 ||| INVOKING Spit Poison.
  6070 | D:7      | 6070 ||| INVOKING Spit Poison.
  6076 | D:7      | 6076 ||| INVOKING Spit Poison.
  6139 | D:7      | 6139 ||| INVOKING Spit Poison.
  6166 | D:7      | Reached ** piety under Okawaru
  6215 | D:7      | 6215 ||| INVOKING Heroism.
  6218 | D:7      | 6218 ||| INVOKING Spit Poison.
  6236 | D:7      | Reached skill level 10 in Ranged Weapons
  6248 | D:7      | 6248 ||| INVOKING Spit Poison.
  6249 | D:7      | 6249 ||| INVOKING Heroism.
  6255 | D:7      | 6255 ||| INVOKING Spit Poison.
  6446 | D:7      | 6446 ||| Stepping ~*~*~tactically~*~*~ (outnumbered).
  6533 | D:7      | 6533 ||| Stepping ~*~*~tactically~*~*~ (outnumbered).
  6535 | D:7      | 6535 ||| Stepping ~*~*~tactically~*~*~ (outnumbered).
  6537 | D:7      | 6537 ||| INVOKING Spit Poison.
  6543 | D:7      | 6543 ||| INVOKING Spit Poison.
  6544 | D:7      | 6544 ||| INVOKING Spit Poison.
  6556 | D:7      | Noticed a two-headed ogre
  6557 | D:7      | 6557 ||| INVOKING Heroism.
  6574 | D:7      | Reached XP level 10. HP: 57/94 MP: 11/13
  6574 | D:7      | 6574 ||| INVOKING Spit Poison.
  6574 | D:7      | Killed a two-headed ogre
  6575 | D:7      | Reached skill level 11 in Ranged Weapons
  6683 | D:7      | Identified the staff of cold "Ukengymuli" {rPois rC+ MP-9
                  | Str+2 Dex+3}
  6761 | D:7      | 6761 ||| INVOKING Spit Poison.
  6768 | D:7      | 6768 ||| INVOKING Spit Poison.
  6775 | D:7      | 6775 ||| INVOKING Spit Poison.
  6775 | D:7      | Killed an unseen horror
  6894 | D:7      | 6894 ||| INVOKING Heroism.
  6895 | D:7      | 6895 ||| INVOKING Spit Poison.
  6898 | D:7      | 6898 ||| INVOKING Spit Poison.
  6928 | D:7      | 6928 ||| INVOKING Spit Poison.
  6933 | D:7      | 6933 ||| INVOKING Spit Poison.
  6940 | D:7      | 6940 ||| INVOKING Spit Poison.
  7020 | D:7      | 7020 ||| INVOKING Spit Poison.
  7044 | D:7      | Found a glowing golden altar of the Shining One.
  7059 | D:7      | 7059 ||| UPGRADING to +0 steam dragon scales.
  7069 | D:7      | 7069 ||| DROPPING +0 leather armour.
  7070 | D:7      | 7070 ||| UPGRADING to amulet of faith.
  7080 | D:7      | 7080 ||| READING 2 scrolls of identify.
  7080 | D:7      | 7080 ||| IDENTIFYING fuming inky potion
  7113 | D:8      | 7113 ||| INVOKING Spit Poison.
  7121 | D:8      | 7121 ||| INVOKING Spit Poison.
  7126 | D:8      | 7126 ||| INVOKING Spit Poison.
  7131 | D:8      | 7131 ||| INVOKING Spit Poison.
  7137 | D:8      | 7137 ||| INVOKING Spit Poison.
  7144 | D:8      | 7144 ||| INVOKING Spit Poison.
  7147 | D:8      | 7147 ||| STAIRDANCE
  7187 | D:8      | 7187 ||| INVOKING Spit Poison.
  7203 | D:8      | 7203 ||| INVOKING Spit Poison.
  7212 | D:8      | Found a stormy altar of Qazlal.
  7217 | D:8      | Noticed a purple ugly thing
  7218 | D:8      | Found a transporter.
  7247 | D:8      | 7247 ||| INVOKING Spit Poison.
  7277 | D:8      | 7277 ||| INVOKING Spit Poison.
  7282 | D:8      | 7282 ||| INVOKING Spit Poison.
  7287 | D:8      | 7287 ||| INVOKING Heroism.
  7289 | D:8      | 7289 ||| INVOKING Spit Poison.
  7289 | D:8      | HP: 18/94 [yak (7)]
  7290 | D:8      | 7290 ||| READING scroll of teleportation.
  7290 | D:8      | HP: 3/94 [yak (7)]
  7291 | D:8      | 7291 ||| DRINKING 4 potions of heal wounds.
  7292 | D:8      | 7292 ||| DRINKING 3 potions of heal wounds.
  7293 | D:8      | 7293 ||| INVOKING Spit Poison.
  7445 | D:8      | Found a transporter.
  7447 | D:8      | Found a corrupted altar of Lugonu.
  7447 | D:8      | Noticed an unseen horror
  7448 | D:8      | Noticed a red ugly thing
  7471 | D:8      | 7471 ||| INVOKING Spit Poison.
  7475 | D:8      | 7475 ||| INVOKING Spit Poison.
  7478 | D:8      | Reached *** piety under Okawaru
  7480 | D:8      | 7480 ||| INVOKING Heroism.
  7482 | D:8      | 7482 ||| INVOKING Spit Poison.
  7491 | D:8      | 7491 ||| INVOKING Spit Poison.
  7496 | D:8      | HP: 18/96 [yak (9)]
  7497 | D:8      | 7497 ||| DRINKING 2 potions of heal wounds.
  7498 | D:8      | 7498 ||| INVOKING Spit Poison.
  7500 | D:8      | 7500 ||| INVOKING Heroism.
  7502 | D:8      | 7502 ||| INVOKING Spit Poison.
  7775 | D:8      | 7775 ||| INVOKING Heroism.
  7794 | D:8      | 7794 ||| INVOKING Spit Poison.
  7797 | D:8      | 7797 ||| INVOKING Heroism.
  7799 | D:8      | 7799 ||| INVOKING Spit Poison.
  7925 | D:8      | 7925 ||| INVOKING Spit Poison.
  7935 | D:8      | 7935 ||| SWAPPING to +0 orcbow.
  7936 | D:8      | 7936 ||| DROPPING +2 shortbow.
  8150 | D:8      | 8150 ||| INVOKING Spit Poison.
  8152 | D:8      | 8152 ||| Stepping ~*~*~tactically~*~*~ (outnumbered).
  8154 | D:8      | 8154 ||| INVOKING Spit Poison.
  8159 | D:8      | 8159 ||| INVOKING Spit Poison.
  8165 | D:8      | 8165 ||| INVOKING Spit Poison.
  8170 | D:8      | 8170 ||| INVOKING Heroism.
  8173 | D:8      | 8173 ||| INVOKING Spit Poison.
  8211 | D:8      | 8211 ||| INVOKING Heroism.
  8214 | D:8      | 8214 ||| INVOKING Spit Poison.
  8254 | D:8      | 8254 ||| INVOKING Spit Poison.
  8261 | D:8      | 8261 ||| INVOKING Spit Poison.
  8268 | D:8      | 8268 ||| INVOKING Spit Poison.
  8271 | D:8      | Reached skill level 12 in Ranged Weapons
  8273 | D:8      | 8273 ||| INVOKING Heroism.
  8275 | D:8      | 8275 ||| INVOKING Spit Poison.
  8278 | D:8      | Reached skill level 3 in Armour
  8278 | D:8      | Reached XP level 11. HP: 56/103 MP: 11/14
  8279 | D:8      | 8279 ||| INVOKING Spit Poison.
  8482 | D:8      | Identified the staff of fire "Evvuogil" {*Slow rElec rF+
                  | Str+4}
  8504 | D:8      | 8504 ||| READING scroll of enchant armour.
  8504 | D:8      | 8504 ||| ENCHANTING +0 steam dragon scales.
  8542 | D:8      | Found a shimmering altar of Xom.
  8542 | D:8      | Found a basalt altar of Yredelemnul.
  8637 | D:8      | 8637 ||| INVOKING Spit Poison.
  8638 | D:8      | 8638 ||| INVOKING Heroism.
  8639 | D:8      | 8639 ||| Stepping ~*~*~tactically~*~*~ (outnumbered).
  8648 | D:8      | 8648 ||| INVOKING Spit Poison.
  8653 | D:8      | 8653 ||| INVOKING Spit Poison.
  8662 | D:8      | 8662 ||| INVOKING Spit Poison.
  8666 | D:8      | 8666 ||| INVOKING Spit Poison.
  8668 | D:8      | 8668 ||| INVOKING Heroism.
  8895 | D:8      | 8895 ||| READING scroll labelled NOMMUE LUTWE.
  8896 | D:8      | 8896 ||| READING 2 scrolls of identify.
  8896 | D:8      | 8896 ||| IDENTIFYING inky potion
  8897 | D:8      | 8897 ||| DROPPING potion of invisibility.
  8954 | D:9      | 8954 ||| SWAPPING to +0 arbalest.
  8955 | D:9      | 8955 ||| DROPPING +0 orcbow.
  8993 | D:9      | Noticed a two-headed ogre
  8994 | D:9      | 8994 ||| INVOKING Heroism.
  8995 | D:9      | 8995 ||| INVOKING Spit Poison.
  8998 | D:9      | 8998 ||| INVOKING Spit Poison.
  9004 | D:9      | Killed a two-headed ogre
  9232 | D:9      | 9232 ||| INVOKING Spit Poison.
  9237 | D:9      | 9237 ||| INVOKING Spit Poison.
  9241 | D:9      | 9241 ||| INVOKING Spit Poison.
  9270 | D:9      | 9270 ||| INVOKING Spit Poison.
  9270 | D:9      | Noticed a death knight
  9274 | D:9      | 9274 ||| INVOKING Spit Poison.
  9278 | D:9      | 9278 ||| Stepping ~*~*~tactically~*~*~ (outnumbered).
  9280 | D:9      | 9280 ||| INVOKING Heroism.
  9281 | D:9      | 9281 ||| INVOKING Spit Poison.
  9283 | D:9      | HP: 23/103 [death knight/+0 halberd (15)]
  9284 | D:9      | 9284 ||| READING scroll of teleportation.
  9285 | D:9      | 9285 ||| DRINKING potion of heal wounds.
  9321 | D:9      | 9321 ||| INVOKING Heroism.
  9490 | D:9      | 9490 ||| Stepping ~*~*~tactically~*~*~ (outnumbered).
  9491 | D:9      | 9491 ||| INVOKING Spit Poison.
  9496 | D:9      | 9496 ||| INVOKING Spit Poison.
  9502 | D:9      | 9502 ||| INVOKING Spit Poison.
  9572 | D:9      | 9572 ||| INVOKING Spit Poison.
  9578 | D:9      | 9578 ||| INVOKING Spit Poison.
  9660 | D:9      | Noticed a two-headed ogre
  9661 | D:9      | 9661 ||| INVOKING Heroism.
  9664 | D:9      | 9664 ||| INVOKING Spit Poison.
  9667 | D:9      | Killed a two-headed ogre
  9668 | D:9      | Reached skill level 13 in Ranged Weapons
  9768 | D:9      | 9768 ||| INVOKING Spit Poison.
  9771 | D:9      | 9771 ||| INVOKING Spit Poison.
  9776 | D:9      | 9776 ||| INVOKING Spit Poison.
  9779 | D:9      | 9779 ||| INVOKING Heroism.
  9783 | D:9      | 9783 ||| INVOKING Spit Poison.
  9786 | D:9      | 9786 ||| INVOKING Spit Poison.
  9790 | D:9      | 9790 ||| INVOKING Spit Poison.
  9797 | D:9      | 9797 ||| INVOKING Spit Poison.
  9801 | D:9      | 9801 ||| INVOKING Spit Poison.
  9806 | D:9      | 9806 ||| INVOKING Spit Poison.
  9843 | D:9      | Found a staircase to the Orcish Mines.
  9926 | D:9      | Identified the staff of fire "Askoizul" {Drain rF+ rN+
                  | Will+++ Str-2 Dex+3}
  9927 | D:9      | 9927 ||| INVOKING Heroism.
  9928 | D:9      | 9928 ||| INVOKING Spit Poison.
  9931 | D:9      | 9931 ||| Stepping ~*~*~tactically~*~*~ (outnumbered).
  9932 | D:9      | 9932 ||| INVOKING Spit Poison.
  9938 | D:9      | 9938 ||| INVOKING Spit Poison.
  9942 | D:9      | 9942 ||| INVOKING Spit Poison.
  9945 | D:9      | 9945 ||| INVOKING Spit Poison.
  9947 | D:9      | Killed a death knight
  9947 | D:9      | Reached **** piety under Okawaru
  9948 | D:9      | 9948 ||| INVOKING Spit Poison.
 10343 | D:9      | Found a glowing silver altar of Zin.
 10359 | D:9      | 10359 ||| UPGRADING to +2 leather armour of willpower.
 10369 | D:9      | 10369 ||| DROPPING +2 robe of willpower.
 10370 | D:9      | 10370 ||| READING scroll labelled POLIC NEOJIP.
 10405 | D:10     | Entered Level 10 of the Dungeon
 10406 | D:10     | 10406 ||| INVOKING Heroism.
 10407 | D:10     | 10407 ||| INVOKING Spit Poison.
 10410 | D:10     | 10410 ||| INVOKING Spit Poison.
 10415 | D:10     | 10415 ||| INVOKING Spit Poison.
 10416 | D:10     | Reached skill level 9 in Fighting
 10482 | D:10     | 10482 ||| INVOKING Spit Poison.
 10486 | D:10     | Found a staircase to the Lair.
 10488 | D:10     | 10488 ||| INVOKING Spit Poison.
 10494 | D:10     | 10494 ||| STAIRDANCE
 10496 | D:9      | 10496 ||| INVOKING Spit Poison.
 10537 | D:9      | 10537 ||| UPGRADING to +0 troll leather armour.
 10547 | D:9      | 10547 ||| DROPPING +2 leather armour of willpower.
 10548 | D:9      | 10548 ||| DROPPING +1 steam dragon scales.
 10551 | D:10     | 10551 ||| INVOKING Spit Poison.
 10556 | D:10     | 10556 ||| STAIRDANCE
 10558 | D:9      | 10558 ||| INVOKING Spit Poison.
 10563 | D:9      | 10563 ||| INVOKING Heroism.
 10564 | D:9      | 10564 ||| INVOKING Spit Poison.
 10678 | D:10     | 10678 ||| INVOKING Spit Poison.
 10688 | D:10     | 10688 ||| INVOKING Spit Poison.
 10719 | D:10     | 10719 ||| INVOKING Spit Poison.
 10736 | D:10     | Noticed a two-headed ogre
 10737 | D:10     | 10737 ||| INVOKING Heroism.
 10738 | D:10     | 10738 ||| INVOKING Spit Poison.
 10742 | D:10     | Killed a two-headed ogre
 10820 | D:10     | 10820 ||| INVOKING Spit Poison.
 10823 | D:10     | 10823 ||| INVOKING Spit Poison.
 10828 | D:10     | 10828 ||| INVOKING Spit Poison.
 10858 | D:10     | 10858 ||| INVOKING Spit Poison.
 10862 | D:10     | 10862 ||| INVOKING Spit Poison.
 10863 | D:10     | 10863 ||| Stepping ~*~*~tactically~*~*~ (outnumbered).
 10865 | D:10     | 10865 ||| INVOKING Spit Poison.
 10871 | D:10     | 10871 ||| INVOKING Spit Poison.
 10876 | D:10     | 10876 ||| INVOKING Spit Poison.
 10982 | D:10     | 10982 ||| INVOKING Heroism.
 10990 | D:10     | 10990 ||| INVOKING Spit Poison.
 11044 | D:10     | 11044 ||| PLANNING LAIR
 11044 | D:10     | 11044 ||| UPGRADING to ring of protection from fire.
 11045 | D:10     | 11045 ||| READING 2 scrolls of identify.
 11045 | D:10     | 11045 ||| IDENTIFYING fizzy dark potion
 11092 | Lair:1   | Entered Level 1 of the Lair of Beasts
 11093 | Lair:1   | 11093 ||| INVOKING Spit Poison.
 11098 | Lair:1   | 11098 ||| INVOKING Spit Poison.
 11098 | Lair:1   | Noticed Amaemon
 11099 | Lair:1   | 11099 ||| INVOKING Heroism.
 11101 | Lair:1   | Reached skill level 6 in Invocations
 11101 | Lair:1   | 11101 ||| INVOKING Spit Poison.
 11108 | Lair:1   | 11108 ||| INVOKING Spit Poison.
 11109 | Lair:1   | Reached ***** piety under Okawaru
 11115 | Lair:1   | 11115 ||| INVOKING Spit Poison.
 11122 | Lair:1   | 11122 ||| INVOKING Spit Poison.
 11122 | Lair:1   | HP: 26/106 [orange demon[Amaemon] (2)]
 11123 | Lair:1   | 11123 ||| READING 2 scrolls of teleportation.
 11124 | Lair:1   | 11124 ||| DRINKING 2 potions of heal wounds.
 11125 | Lair:1   | HP: 12/106 [Amaemon/+0 demon whip of venom (9)]
 11126 | Lair:1   | 11126 ||| DRINKING potion of heal wounds.
 11210 | Lair:1   | 11210 ||| INVOKING Heroism.
 11215 | Lair:1   | Reached XP level 12. HP: 114/114 MP: 13/17
 11253 | Lair:1   | 11253 ||| INVOKING Heroism.
 11265 | Lair:1   | HP: 28/114 [rime drake/icy flash freeze (19)]
 11266 | Lair:1   | 11266 ||| READING scroll of teleportation.
 11270 | Lair:1   | 11270 ||| INVOKING Heroism.
 11275 | Lair:1   | HP: 24/114 [black mamba (8)]
 11278 | Lair:1   | HP: 9/114 [black mamba (7)]
 11283 | Lair:1   | HP: 9/114 [black mamba (3)]
 11285 | Lair:1   | 11285 ||| INVOKING Heroism.
 11447 | Lair:1   | Received a gift from Okawaru
 11464 | Lair:1   | 11464 ||| DRINKING potion of cancellation.
 11499 | Lair:1   | 11499 ||| INVOKING Heroism.
 11585 | Lair:1   | Reached skill level 14 in Ranged Weapons
 11789 | Lair:1   | 11789 ||| INVOKING Heroism.
 11804 | Lair:1   | Killed Amaemon
 11968 | Lair:1   | 11968 ||| UPGRADING to +1 barding of fire resistance.
 11973 | Lair:1   | 11973 ||| READING scroll labelled LYMOSELLEU.
 12056 | Lair:2   | Reached skill level 9 in Invocations
 12065 | Lair:2   | 12065 ||| INVOKING Heroism.
 12260 | Lair:2   | 12260 ||| INVOKING Heroism.
 12365 | Lair:2   | Found a staircase to the Swamp.
 12452 | Lair:2   | Noticed a five-headed hydra
 12453 | Lair:2   | 12453 ||| INVOKING Heroism.
 12465 | Lair:2   | Killed a five-headed hydra
 12722 | Lair:2   | Noticed Fannar
 12733 | Lair:2   | 12733 ||| INVOKING Heroism.
 12739 | Lair:2   | HP: 17/114 [Fannar/staff of cold (12)]
 12742 | Lair:2   | HP: 5/114 [Fannar/staff of cold (7)]
 12743 | Lair:2   | Slain by Fannar

Levels and vault maps discovered:
D:1:      lightli_molten_gateway, layout_loops_ring,
          shapermc_ecumenical_altar_notcrosses, serial_glass, glass_columns_c,
          glass_columns_b, feat_on_display, item_on_display_a,
          minmay_strange_pillars, minivault_5
D:2:      layout_basic
D:3:      kennysheep_the_goblin_king, layout_basic, nemelex_spade_bored_becter,
          okawaru_trees_2
D:4:      layout_basic, general_overflow_altar, serial_shops,
          nicolae_shop_dealshenge, nicolae_shop_behind_doors, shop, st_stairs_2,
          nrook_mini_vaults, minmay_shop_grid_forest, uniq_sigmund
D:5:      layout_basic, lemuel_doored_altar, uniq_blork_the_orc, uniq_grinder
D:6:      layout_loops_ring, minmay_temple_entry_sparse_star, uniq_menkaure
D:7:      kennysheep_windowed_halls, layout_basic, tso_altar, serial_shops,
          shop, minmay_manual_mess
D:8:      gammafunk_corrupted_shrine, layout_layer_cave, lemuel_tele_altar,
          gammafunk_temple_overflow_statue, st_stairs_7, hangedman_incinerator
D:9:      layout_loops_ring, mainiacjoe_overflow_alcove_2, hiddenorc1_lemuel,
          chequers_avenue, minmay_radiant
D:10:     layout_cave_pools, david_lair_generic
Lair:1:   layout_concentric_octagons, grunt_megastairs_4, lemuel_fruit_fields,
          uniq_amaemon
Lair:2:   layout_small_grid, swamp_mist, grunt_megastairs_2, uniq_fannar

Skill      XL: |  1  2  3  4  5  6  7  8  9 10 11 12 |
---------------+-------------------------------------+-----
Ranged Weapons | 4 5 6 7 8 10 12 13 14 | 14.0
Fighting       | 3 4 5 7 8 9 |  9.3
Dodging        | 2 3 4 5 |  5.0
Armour         | 1 3 5 |  5.0
Invocations    | 1 4 6 10 | 10.0
Stealth        | |  1.5

Action                     |  1- 3 |  4- 6 |  7- 9 | 10-12 || total
---------------------------+-------+-------+-------+-------++-------
   Fire: Shortbow          |    63 |   105 |   337 |   141 ||   646
         Orcbow            |       |       |       |    90 ||    90
         Arbalest          |       |       |       |   470 ||   470
 Invoke: Heroism           |       |     2 |    14 |    32 ||    48
Ability: Spit Poison       |    24 |    37 |    39 |   105 ||   205
    Use: Scroll            |     6 |     6 |     6 |    11 ||    29
         Potion            |     2 |     1 |       |     7 ||    10
 Armour: Leather armour    |    12 |    33 |    81 |    12 ||   138
         Steam dragon scal |       |       |       |    88 ||    88
         Troll leather arm |       |       |       |   236 ||   236
  Dodge: Dodged            |    17 |    48 |   109 |   487 ||   661

Table legend:
 A = Non-vault XP
 B = Vault XP
 C = Vault XP percentage of total XP
 D = Non-vault monster count
 E = Vault monster count
 F = Vault count percentage of total count
                 A         B        C        D         E       F
            +---------+---------+-------+---------+---------+-------
      Total |   21190 |    9974 |  32.0 |     239 |      74 |  23.6
            +---------+---------+-------+---------+---------+-------
        D:1 |      36 |       0 |   0.0 |      20 |       0 |   0.0
        D:2 |      64 |       0 |   0.0 |      24 |       0 |   0.0
        D:3 |     113 |      14 |  11.0 |      20 |       7 |  25.9
        D:4 |     412 |     250 |  37.8 |      13 |       3 |  18.8
        D:5 |     665 |     386 |  36.7 |      12 |       2 |  14.3
        D:6 |     446 |     172 |  27.8 |      15 |       1 |   6.2
        D:7 |     400 |    3234 |  89.0 |      11 |      24 |  68.6
        D:8 |    2561 |    1300 |  33.7 |      38 |       9 |  19.1
        D:9 |    2656 |    1842 |  41.0 |      27 |      21 |  43.8
       D:10 |    2246 |     128 |   5.4 |      16 |       1 |   5.9
     Lair:1 |    7019 |    1932 |  21.6 |      22 |       4 |  15.4
     Lair:2 |    4572 |     716 |  13.5 |      21 |       2 |   8.7
            +---------+---------+-------+---------+---------+-------
